 Dungeon Crawl Stone Soup version 0.31.0-11-ge490571c62 (webtiles) character file.

Game seed: 4230296665992904527

164 qw the Skirmisher (level 5, -5/29 HPs)
             Began as a Deep Elf Hunter on Feb 5, 2024.
             Killed from afar by Ijyb (7 damage)
             ... with a puff of flame
             ... while paralysed by Grinder
             ... on level 3 of the Dungeon.
             The game lasted 00:01:02 (1419 turns).

qw the Skirmisher (Deep Elf Hunter)                 Turns: 1419, Time: 00:01:03

Health: -5/29      AC:  5    Str: 10    XL:     5   Next: 21%
Magic:  7/7        EV:  2    Int: 14    God:
Gold:   162        SH:  0    Dex: 18    Spells: 4/4 levels left

rFire   . . .        a - +2 shortbow
rCold   + . .        (shield currently unavailable)
rNeg    . . .        c - +0 leather armour
rPois   .            (no helmet)
rElec   .            b - +0 cloak
rCorr   .            h - +0 pair of gloves
SInv    .            (no boots)
Will    .....        (no amulet)
Stlth   ++           d - ring of protection from cold
HPRegen 0.24/turn    (no ring)
MPRegen 0.10/turn

%: no passive effects
@: paralysed
A: no striking features
a: no special abilities


You were on level 3 of the Dungeon.
You visited 1 branch of the dungeon, and saw 3 of its levels.

You collected 162 gold pieces.


   Skills:
 - Level 1.5 Fighting
 + Level 8.7 Ranged Weapons
 - Level 2.4 Dodging
 - Level 1.2 Stealth


You had 4 spell levels left.
You didn't know any spells.
Your spell library was empty.

Inventory:

Hand Weapons
 a - a +2 shortbow (weapon)
Armour
 b - a +0 cloak (worn)
 c - a +0 leather armour (worn)
 h - a +0 pair of gloves (worn)
Jewellery
 d - a ring of protection from cold (left hand)
Scrolls
 g - a scroll of identify
Potions
 e - a potion of haste {unknown}
 f - a potion of magic {unknown}
 i - 2 potions of curing

Dungeon Overview and Level Annotations

Branches:
Dungeon (3/15)

Altars:

Annotations:
D:3 Grinder, Ijyb


Message History

Ijyb shouts!
Grinder gestures at you.
You struggle to resist.
You shoot an arrow. The arrow barely misses Grinder.
The arrow closely misses Ijyb.
You shoot an arrow. The arrow closely misses Grinder.
Grinder hits you.
You writhe in agony.
You shoot an arrow. The arrow closely misses Grinder.
Grinder hits you.
You shoot an arrow.
The arrow hits Grinder but does no damage.
Grinder blinks!
You shoot an arrow. The arrow closely misses Ijyb.
You shoot an arrow. The arrow closely misses Ijyb.
The arrow hits Grinder!
Grinder is lightly wounded.
Ijyb barely misses you.
You shoot an arrow. The arrow hits Ijyb.
Ijyb is lightly wounded.
Ijyb closely misses you.
You shoot an arrow. The arrow hits Ijyb.
Ijyb is moderately wounded.
Ijyb barely misses you.
You shoot an arrow. The arrow hits Ijyb.
Ijyb is heavily wounded.
Grinder blinks!
Ijyb zaps a wand.
The puff of flame hits you.
You shoot an arrow. The arrow closely misses Ijyb.
The arrow hits Grinder.
Grinder is lightly wounded.
Ijyb zaps a wand.
The puff of flame hits you! Ijyb closely misses you.
You shoot an arrow. The arrow hits Ijyb!
Ijyb is almost dead.
Grinder says, "Mostly I couldn't keep them alive."
Grinder blinks!
Ijyb zaps a wand.
The puff of flame hits you.
You shoot an arrow. The arrow barely misses Ijyb.
Grinder barely misses you. Ijyb hits you with a +0 club.
You shoot an arrow. The arrow hits Ijyb but does no damage.
Ijyb is almost dead.
Grinder gestures at you.
You suddenly lose the ability to move!
Ijyb zaps a wand.
The puff of flame hits you!
You die...

#......)....# #....
#...........# #....
#......#....# #....
#......#....# #
#....######.#####.####
#.#....#....#.#
#......
#......#....#.#
#.##... #...g#....'.#
#. ###. #.@.<..### #.
## ###5...# #. ####
#....# #.##... ####.#
#.##... #.# #.##...
#.# #.##... ########.#
#.##... #........#
#.##... #.########
#......


You could see Grinder and Ijyb.

Vanquished Creatures
  An orc priest (D:3)
  Jessica (D:3)
  4 adders
  3 dart slugs (D:2)
  3 ribbon worms
  4 orcs (D:3)
  2 endoplasms
  A giant cockroach (D:1)
  5 goblins
  7 hobgoblins
  3 jackals (D:1)
  4 quokkas
  6 ball pythons
  6 bats
  2 kobolds
  6 rats
58 creatures vanquished.

Notes
Turn   | Place    | Note
-------+----------+-------------------------------------------
     0 | D:1      | qw the Deep Elf Hunter began the quest for the Orb.
     0 | D:1      | Reached XP level 1. HP: 12/12 MP: 3/3
     0 | D:1      | 0 ||| qw: Version: 0.3-a-160-g6735b56
     0 | D:1      | 0 ||| qw: Game counter: 6261
     0 | D:1      | 0 ||| qw: Melee chars always use a shield: true
     0 | D:1      | 0 ||| qw: God list: Okawaru
     0 | D:1      | 0 ||| qw: Allow faded altars: false
     0 | D:1      | 0 ||| qw: Do Orc after clearing Dungeon:15 true
     0 | D:1      | 0 ||| qw: Do second Lair branch before Depths: true
     0 | D:1      | 0 ||| qw: Lair rune preference: random
     0 | D:1      | 0 ||| qw: Goals: Normal
     0 | D:1      | 0 ||| PLANNING D:1-11
   198 | D:1      | Reached XP level 2. HP: 16/16 MP: 4/4
   204 | D:1      | Reached skill level 6 in Ranged Weapons
   477 | D:1      | 477 ||| UPGRADING to +0 pair of gloves.
   482 | D:1      | 482 ||| UPGRADING to ring of protection from cold.
   483 | D:1      | 483 ||| READING 2 scrolls labelled WOCATR XERGH.
   483 | D:1      | 483 ||| IDENTIFYING bubbling purple potion
   484 | D:1      | 484 ||| READING scroll of identify.
   484 | D:1      | 484 ||| IDENTIFYING scroll labelled TIWNUD MUWIESU
   485 | D:1      | 485 ||| READING scroll of enchant weapon.
   485 | D:1      | 485 ||| ENCHANTING +0 shortbow.
   486 | D:1      | 486 ||| READING scroll labelled AMMOEMUFIQU.
   489 | D:1      | 489 ||| DROPPING scroll of butterflies.
   576 | D:2      | Reached XP level 3. HP: 20/20 MP: 5/5
   631 | D:2      | Found a faded altar of an unknown god.
   739 | D:2      | Reached skill level 7 in Ranged Weapons
   982 | D:2      | Reached XP level 4. HP: 25/25 MP: 6/6
  1184 | D:2      | 1184 ||| UPGRADING to +0 cloak.
  1189 | D:2      | 1189 ||| READING 2 scrolls of identify.
  1189 | D:2      | 1189 ||| IDENTIFYING metallic green potion
  1190 | D:2      | 1190 ||| READING scroll of identify.
  1190 | D:2      | 1190 ||| IDENTIFYING bubbling orange potion
  1191 | D:2      | 1191 ||| DROPPING potion of attraction.
  1192 | D:2      | 1192 ||| DROPPING potion of brilliance.
  1204 | D:3      | 1204 ||| PLANNING SEWER
  1238 | D:3      | 1238 ||| READING scroll of enchant weapon.
  1238 | D:3      | 1238 ||| ENCHANTING +1 shortbow.
  1255 | D:3      | Reached skill level 8 in Ranged Weapons
  1277 | D:3      | Noticed Jessica
  1279 | D:3      | 1279 ||| FLEEEEING.
  1287 | D:3      | Killed Jessica
  1288 | D:3      | Reached XP level 5. HP: 19/29 MP: 7/7
  1406 | D:3      | Noticed Grinder
  1406 | D:3      | Noticed Ijyb
  1416 | D:3      | HP: 7/29 [Ijyb/puff of flame (7)]
  1417 | D:3      | HP: 3/29 [Ijyb/puff of flame (4)]
  1419 | D:3      | Paralysed by Grinder for 5 turns
  1419 | D:3      | Killed from afar by Ijyb

Levels and vault maps discovered:
D:1:      eino_arrival_water_cross, layout_loops_ring
D:2:      layout_basic, hellmonk_ecumenical_altar_blasted
D:3:      layout_basic, cheibrodos_sewer_entry_bend,
          chequers_serial_rivers_large_a, uniq_grinder, uniq_jessica, uniq_ijyb

Skill      XL: |  1  2  3  4 |
---------------+-------------+-----
Ranged Weapons | 6 7 8 |  8.7
Fighting       | |  1.5
Dodging        | |  2.4
Stealth        | |  1.2

Action                     |  1- 3 |  4- 6 || total
---------------------------+-------+-------++-------
   Fire: Shortbow          |    99 |    76 ||   175
    Use: Scroll            |     4 |     3 ||     7
 Armour: Leather armour    |    14 |    20 ||    34
  Dodge: Dodged            |    18 |    25 ||    43

Table legend:
 A = Non-vault XP
 B = Vault XP
 C = Vault XP percentage of total XP
 D = Non-vault monster count
 E = Vault monster count
 F = Vault count percentage of total count
                 A         B        C        D         E       F
            +---------+---------+-------+---------+---------+-------
      Total |     198 |      37 |  15.7 |      57 |       1 |   1.7
            +---------+---------+-------+---------+---------+-------
        D:1 |      37 |       0 |   0.0 |      23 |       0 |   0.0
        D:2 |      89 |       0 |   0.0 |      25 |       0 |   0.0
        D:3 |      72 |      37 |  33.9 |       9 |       1 |  10.0
            +---------+---------+-------+---------+---------+-------
